 Dungeon Crawl Stone Soup version 0.31-a0-1-g4198be8 (webtiles) character file.

Game seed: 16225668484659191430

10938 porkupine the Fighter (level 11, -4/99 HPs)
             Began as a Naga Hedge Wizard on May 2, 2023.
             Was a Priest of Hepliaklqana.
             Killed from afar by a hell hog (46 damage)
             ... with a fireball
             ... in a Gauntlet.
             The game lasted 01:01:30 (9578 turns).

porkupine the Fighter (Naga Hedge Wizard)           Turns: 9578, Time: 01:01:31

Health: -4/99      AC: 11    Str: 20    XL:     11   Next: 69%
Magic:  23/23      EV: 13    Int: 18    God:    Hepliaklqana [***...]
Gold:   578        SH:  0    Dex:  7    Spells: 8/27 levels left

rFire   . . .        o - +3 scythe (flame)
rCold   + . .        (shield currently unavailable)
rNeg    . . .        P - +2 ring mail of the Fifty Wishes {Rampage rC+ Str+3 Int+3}
rPois   +            M - +2 helmet "Hiacej" {rElec Regen+ Dex-3 Stlth+}
rElec   +            (no cloak)
rCorr   .            (no gloves)
SInv    +            (no barding)
Will    +....        g - amulet of regeneration
Stlth   +            j - +5 ring of evasion
HPRegen 1.96/turn    (no ring)
MPRegen 0.18/turn

%: no teleportation, rampage
@: confused, ambrosia-drunk, studying Throwing, very slow
A: reduced essence, AC +3, large, see invisible, deformed body, poison
resistance, slowness 2, spit poison 1, naga tail 1
a: Spit Poison, Renounce Religion, Recall Ancestor, Ancestor Identity,
Transference


You were in a Gauntlet.
You worshipped Hepliaklqana.
Hepliaklqana was most pleased with you.
You visited 2 branches of the dungeon, and saw 12 of its levels.
You also visited: Gauntlet.

You collected 618 gold pieces.
You spent 40 gold pieces at shops.

Inventory:

Hand Weapons
 k - a +1 mace of draining
 o - a +3 scythe of flaming (weapon)
 r - a +2 vampiric hand axe
 t - a +2 trident of venom
 E - a +3 flail of protection
 L - a +2 mace of holy wrath
Missiles
 q - 27 poisoned darts
 y - 9 boomerangs
 N - a curare-tipped dart
 R - 3 boomerangs of dispersal
Armour
 u - the +6 scale mail "Demub" {Harm Str+4}
   (You took it off an orc on level 4 of the Dungeon)

   Str:       It affects your strength (+4).
   Harm:      It increases damage dealt and taken.
 x - the +0 ring mail of Theory {Will+ Str+3 Dex+3}
   (You found it on level 5 of the Dungeon)

   Str:       It affects your strength (+3).
   Dex:       It affects your dexterity (+3).
   Will:      It increases your willpower.
 B - the +1 barding of Words of Power {rElec Regen+ Str+3 Dex+2}
   (You found it in a Gauntlet)

   Str:       It affects your strength (+3).
   Dex:       It affects your dexterity (+2).
   rElec:     It insulates you from electricity.
   Regen:     It increases your rate of health regeneration.
 J - +3 steam dragon scales
 M - the +2 helmet "Hiacej" (worn) {rElec Regen+ Dex-3 Stlth+}
   (You found it on level 8 of the Dungeon)

   Dex:       It affects your dexterity (-3).
   rElec:     It insulates you from electricity.
   Regen:     It increases your rate of health regeneration.
   Stlth:     It makes you more stealthy.
 P - the +2 ring mail of the Fifty Wishes (worn) {Rampage rC+ Str+3 Int+3}
   (You found it on level 8 of the Dungeon)

   Str:       It affects your strength (+3).
   Int:       It affects your intelligence (+3).
   rC:        It protects you from cold.
   Rampage:   It bestows one free step when moving towards enemies.
Magical Staves
 h - a staff of air
 I - a staff of fire
Jewellery
 g - an amulet of regeneration (around neck)
 j - a +5 ring of evasion (left hand)
Wands
 A - a wand of polymorph (3)
 F - a wand of mindburst (13)
Scrolls
 f - a scroll of blinking
 m - 5 scrolls of teleportation
 z - a scroll of fog {unknown}
 D - 3 scrolls of magic mapping
 G - a scroll of fear
 O - 2 scrolls of enchant weapon
 S - a scroll of amnesia
Potions
 a - 3 potions of cancellation
 b - a potion of brilliance
 c - a potion of berserk rage
 d - 3 potions of magic
 e - a potion of flight
 i - 2 potions of lignification
 l - 5 potions of curing
 p - a potion of experience {unknown}
 s - a potion of attraction
 v - 6 potions of haste
 H - 2 potions of mutation
 Q - 2 potions of might
Miscellaneous
 n - a tin of tremorstones (2/2)


   Skills:
 + Level 11.3 Fighting
 - Level 1.5 Dodging
 - Level 3.0 Stealth
 + Level 8.7 Spellcasting
 - Level 1.0 Conjurations
 - Level 6.0 Hexes
 - Level 4.0 Summonings
 * Level 7.9 Necromancy
 - Level 3.0 Translocations


You had 8 spell levels left.
You knew the following spells:

 Your Spells              Type           Power      Damage    Failure   Level
a - Magic Dart            Conj           44%        1d5       11%         1
b - Call Imp              Summ           44%        N/A       4%          2
c - Blink                 Tloc           36%        N/A       7%          2
d - Slow                  Hex            100%       N/A       1%          1
e - Tukima's Dance        Hex            29%        N/A       4%          3
f - Dispel Undead         Necr           36%        3d15      6%          4
g - Death Channel         Necr           18%        N/A       67%         6

Your spell library contained the following spells:

 Spells                   Type           Power      Damage    Failure   Level
 Animate Dead             Necr           36%        N/A       6%          4
 Cigotuvi's Dreadful Rot  Necr/Pois/Air  34%        N/A       8%          2
 Portal Projectile        Hex/Tloc       48%        N/A       8%          3
 Mephitic Cloud           Conj/Pois/Air  9%         N/A       38%         3
 Ozocubu's Armour         Ice            7%         N/A       43%         3
 Iskenderun's Battlesphe  Conj           11%        2d7       96%         5
 Fireball                 Conj/Fire      4%         3d4       98%         5
 Blade Hands              Tmut           3%         N/A       99%         5
 Conjure Ball Lightning   Conj/Air       4%         3x3d6     100%        6
 Haunt                    Necr/Summ      14%        N/A       100%        7
 Orb of Destruction       Conj           5%         9d5       100%        7
 Ozocubu's Refrigeration  Ice            3%         4d8       100%        7
 Infestation              Necr           18%        N/A       100%        8


Dungeon Overview and Level Annotations

Branches:
Dungeon (11/15)            Temple (1/1) D:5            Lair (0/5) D:8
    Orc (0/2) D:10        Gauntlet (1/1)

Altars:
Ashenzari
Cheibriados
Elyvilon
Fedhas
Gozag
Hepliaklqana
Kikubaaqudgha
Makhleb
Nemelex Xobeh
Okawaru
Qazlal
Ru
Sif Muna
Trog
Uskayaw
Vehumet
Wu Jian
Xom
Yredelemnul
Zin
The Shining One

Shops:
D:4 [   D:9 *   D:11 :

Annotations:
D:10 3 runed translucent doors Gauntlet 13 transporters


Innate Abilities, Weirdness & Mutations

Your life essence is reduced to manifest your ancestor. (-10% HP)
Your serpentine skin is tough. (AC +3)
You have supernaturally acute eyesight. (SInv)
Armour fits poorly on your strangely shaped body.
Your system is resistant to poisons. (rPois)
You cover ground very slowly.
You can spit poison.
You have a snake-like lower body.


Message History

z - a scroll labelled SYUBAXT TIKIRA Milos emerges from the mists of memory!
The hell hog bites your cerulean imp!
Your cerulean imp hits the fire bat from afar with a -2 spear.
The hell hog closely misses your cerulean imp.
The hell hog barely misses your cerulean imp.
Your cerulean imp misses the fire bat.
Your magical contamination has completely faded away.
You see here the +1 barding of Words of Power {rElec Regen+ Str+3 Dex+2}.
B - the +1 barding of Words of Power {rElec Regen+ Str+3 Dex+2} The hell hog bites your cerulean imp!
Your cerulean imp dies!
Your cerulean imp disappears in a puff of smoke!
The hell hog bites Milos!
Your resistance to elements expires.
Something bites Milos.
You see here a manual of Throwing.
You pick up a manual of Throwing and begin studying.
Milos hits the hell hog with a +0 dagger of draining.
Milos closely misses the hell hog.
The hell hog bites Milos.
You are confused.
You feel invigorated.
Milos casts a spell at the hell hog.
The hell hog easily resists.
The hell hog breathes fire at you.
The fireball explodes!
The fireball engulfs Milos!
Milos resists.
The fireball engulfs the hell hog.
The hell hog completely resists.
The hell hog bites Milos!
Milos is destroyed!
The hell hog breathes fire at you.
The fireball explodes!
The fireball engulfs you!
* * * LOW HITPOINT WARNING * * *
You bump into the stone wall.
The hell hog bites you!
You bump into the translucent stone wall.
The hell hog bites you.
The hell hog bites you but does no damage.
You bump into the translucent stone wall.
The hell hog breathes fire at you.
The fireball explodes!
The fireball engulfs you!!!
You die...

"©$...#.##©##.....#.#..==©!...#.#
#.#.#.#.#b##.###..#.#.#...###.#.#
.#.#..#.#.#h##.##.#.#.###...#.#.#
#.#.#.#.#.#.#.#.#.#.#...###...#.#
.©.#..#.#.#.#©#.#.#.#.#..©###.#.#
#.#.#.#.#.#.#†#.#.#.#.###...#.#.#
.#.#..#.#.##.##.#b#.#...###...#.#
#.#.#y#.#..###.##h#.#.#...###.#.#
....yy#.#.....##@.#.#t........#.#
#################################
#©...........©...........©#≈≈≈≈8≈
#############.###################
............#.#≈≈8≈≈#©.........©.
............#.###################
##########..#.#.....#...#.#....©.
8# #8# #8#..#.#.^##.^#..#.#####.#
## ### ###..#.#..#..##..#.##.##.#


You could see a hell hog (catching breath), a ghost crab and a fire bat.

Vanquished Creatures
  Snorg (D:10)
  Pikel (D:9)
  An ugly thing (D:11)
  A worldbinder (Gauntlet)
  Maggie (D:6)
  2 kobold demonologists (D:10)
  A hornet (D:9)
  Sigmund (D:2)
  3 shadows
  3 yaks (D:9)
  Eustachio (D:4)
  2 fire bats (Gauntlet)
  2 wyverns (D:7)
  2 steam dragons
  Edmund (D:5)
  A hell hound (Gauntlet)
  3 ice beasts
  A black bear (D:7)
  A sky beast (D:6)
  An orc warrior (D:10)
  An ogre (D:4)
  2 boggarts (Gauntlet)
  A centaur (D:8)
  2 lemures (D:9)
  A phantom (D:4)
  A bullfrog (D:7)
  2 kobold brigands
  3 necrophages (D:6)
  A wyvern zombie (D:6)
  4 scorpions
  3 wights (D:6)
  A water moccasin zombie (D:6)
  10 killer bees
  A vampire bat (D:6)
  2 howler monkeys
  A centaur zombie (D:6)
  3 hounds
  An orc priest (D:8)
  A gnoll bouda (D:7)
  A human zombie (D:6)
  Terence (D:2)
  A hexer (Gauntlet)
  5 orc wizards
  4 iguanas
  5 gnolls (D:7)
  6 adders
  An ufetubus (D:5)
  2 worms (D:2)
  2 dart slugs
  32 orcs
  6 ball pythons
  3 endoplasms
  2 giant cockroaches (D:2)
  5 goblins
  8 hobgoblins
  8 kobolds
  3 quokkas
  9 bats
  2 frilled lizards
  4 rats
181 creatures vanquished.

Vanquished Creatures (collateral kills)
  An ugly thing (D:10)
  A kobold demonologist (D:10)
  2 trolls (D:10)
  A hornet (D:9)
  Grinder (D:6)
  A steam dragon (D:9)
  A yak (D:9)
  2 ice beasts (D:6)
  An orc warrior (D:9)
  2 centaurs
  2 lemures (D:9)
  A bullfrog (D:9)
  3 killer bees (D:9)
  3 howler monkeys
  A vampire bat (D:6)
  A bullfrog zombie (D:6)
  2 hounds (D:5)
  2 orc priests (D:10)
  An orc wizard (D:9)
  A howler monkey zombie (D:6)
  2 gnolls (D:7)
  2 adders
  A dart slug (D:1)
  11 orcs
  A ball python (D:2)
  A hobgoblin (D:2)
  6 kobolds
  A frilled lizard (D:2)
55 creatures vanquished.

Vanquished Creatures (others)
  3 dancing weapons
  2 ancestors
  5 hexers
  A gnoll (D:7)
  An orc (D:6)
  14 demonic plants (Gauntlet)
  4 plants (D:1)
30 creatures vanquished.

Grand Total: 266 creatures vanquished

Notes
Turn   | Place    | Note
-------+----------+-------------------------------------------
     0 | D:1      | porkupine the Naga Hedge Wizard began the quest for the
                  | Orb.
     0 | D:1      | Reached XP level 1. HP: 15/15 MP: 4/4
    43 | D:1      | Found a faded altar of an unknown god.
   101 | D:1      | Reached skill level 1 in Fighting
   101 | D:1      | Reached XP level 2. HP: 25/25 MP: 4/6
   218 | D:1      | Learned a level 2 spell: Call Imp
   221 | D:1      | Learned a level 2 spell: Blink
   646 | D:1      | Reached XP level 3. HP: 31/31 MP: 4/7
  1116 | D:2      | Reached skill level 2 in Fighting
  1358 | D:2      | Noticed Sigmund
  1381 | D:2      | Killed Sigmund
  1382 | D:2      | Reached skill level 3 in Fighting
  1382 | D:2      | Reached XP level 4. HP: 36/42 MP: 0/9
  1382 | D:2      | Reached XP level 5. HP: 42/49 MP: 0/10
  1725 | D:2      | Reached XP level 6. HP: 57/57 MP: 8/12
  1776 | D:2      | Noticed Terence
  1790 | D:2      | Killed Terence
  1791 | D:2      | Reached skill level 4 in Fighting
  2117 | D:3      | Learned a level 1 spell: Slow
  2121 | D:3      | Learned a level 3 spell: Tukima's Dance
  2208 | D:3      | Found a hide-covered altar of Uskayaw.
  2404 | D:3      | Found a shimmering blue altar of Sif Muna.
  2404 | D:3      | Found a glowing golden altar of the Shining One.
  2406 | D:3      | Found an iron altar of Okawaru.
  2406 | D:3      | Found a white marble altar of Elyvilon.
  3196 | D:4      | Identified the +6 scale mail "Demub" {Harm Str+4}
  3393 | D:4      | Reached skill level 1 in Hexes
  3393 | D:4      | Reached XP level 7. HP: 66/66 MP: 11/13
  3479 | D:4      | Found Bumeqiwo's Armour Boutique.
  3684 | D:5      | Entered Level 5 of the Dungeon
  3754 | D:5      | Identified the +0 ring mail of Theory {Will+ Str+3 Dex+3}
  3854 | D:5      | Noticed Edmund
  3856 | D:5      | Noticed Eustachio
  3870 | D:5      | Reached skill level 5 in Fighting
  3927 | D:5      | Killed Edmund
  3928 | D:5      | Reached XP level 8. HP: 75/75 MP: 3/15
  4029 | D:4      | Killed Eustachio
  4058 | D:5      | Reached skill level 6 in Fighting
  4132 | D:5      | Found a staircase to the Ecumenical Temple.
  4149 | Temple   | Entered the Ecumenical Temple
  4213 | Temple   | Became a worshipper of Hepliaklqana the Forgotten
  4747 | D:6      | Reached skill level 5 in Spellcasting
  5007 | D:6      | Reached skill level 5 in Hexes
  5056 | D:6      | Reached XP level 9. HP: 85/85 MP: 10/17
  5062 | D:6      | Found an ancient bone altar of Kikubaaqudgha.
  5072 | D:6      | Reached skill level 7 in Fighting
  5170 | D:6      | Noticed Grinder
  5190 | D:6      | Paralysed by Grinder for 5 turns
  5192 | D:6      | Killed Grinder
  5264 | D:6      | Noticed Maggie
  5283 | D:6      | Killed Maggie
  5284 | D:6      | Reached skill level 8 in Fighting
  5747 | D:7      | Reached * piety under Hepliaklqana
  5807 | D:7      | Reached skill level 9 in Fighting
  5811 | D:7      | Reached XP level 10. HP: 89/89 MP: 19/19
  5929 | D:7      | Found a glowing silver altar of Zin.
  6244 | D:7      | Found a sacrificial altar of Ru.
  6347 | D:8      | Identified the +2 ring mail of the Fifty Wishes {Rampage
                  | rC+ Str+3 Int+3}
  6407 | D:8      | Learned a level 4 spell: Dispel Undead
  6732 | D:8      | Reached skill level 1 in Necromancy
  6790 | D:8      | Found a staircase to the Lair.
  6915 | D:8      | Reached skill level 10 in Fighting
  6943 | D:8      | Identified the +2 helmet "Hiacej" {rElec Regen+ Dex-3
                  | Stlth+}
  7344 | D:9      | Reached ** piety under Hepliaklqana
  7345 | D:9      | Remembered your ancestor Milos as a hexer
  7413 | D:9      | Noticed Pikel
  7420 | D:9      | Killed Pikel
  7471 | D:9      | Found Weuplaj's Assorted Antiques.
  7481 | D:9      | Bought a scroll labelled HUOBUN KUOCLU for 20 gold pieces
  7481 | D:9      | Bought a scroll labelled OWALET FARIDO for 20 gold pieces
  7789 | D:9      | Reached skill level 5 in Necromancy
  7834 | D:9      | Reached XP level 11. HP: 85/99 MP: 19/22
  8128 | D:10     | Entered Level 10 of the Dungeon
  8207 | D:10     | Found a staircase to the Orcish Mines.
  8208 | D:10     | Noticed Snorg
  8219 | D:10     | Killed Snorg
  8222 | D:10     | Noticed a sun demon
  8223 | D:10     | HP: 2/99 [sun demon[a kobold demonologist] (12)]
  8322 | D:10     | Noticed a sixfirhy
  8509 | D:10     | Found a runed translucent gate.
  8509 | D:10     | Found a runed translucent gate.
  8511 | D:10     | Found a runed translucent gate.
  8511 | D:10     | Noticed a green ugly thing
  8511 | D:10     | Noticed a green ugly thing
  8512 | D:10     | Noticed a brown ugly thing
  8513 | D:10     | Noticed a green ugly thing
  8515 | D:10     | Noticed a green ugly thing
  8516 | D:10     | Noticed a glowing orange brain
  8591 | D:10     | Reached skill level 11 in Fighting
  8647 | D:10     | Noticed a sixfirhy
  8659 | D:10     | Learned a level 6 spell: Death Channel
  8891 | D:11     | Noticed a cyan ugly thing
  8892 | D:11     | Reached *** piety under Hepliaklqana
  8899 | D:11     | Killed a cyan ugly thing
  8918 | D:11     | Noticed a purple ugly thing
  8928 | D:10     | Killed a purple ugly thing
  9045 | D:11     | Found Nozuek's Book Shop.
  9068 | D:11     | Found a gate leading to a gauntlet.
  9094 | Gauntlet | Entered a Gauntlet
  9094 | Gauntlet | Found a transporter.
  9107 | Gauntlet | Found a transporter.
  9118 | Gauntlet | Found a transporter.
  9121 | Gauntlet | Noticed an entropy weaver
  9122 | Gauntlet | Noticed a great orb of eyes
  9123 | Gauntlet | Found a transporter.
  9123 | Gauntlet | Noticed a cyan ugly thing
  9125 | Gauntlet | Noticed a wolf spider
  9138 | Gauntlet | Found a transporter.
  9157 | Gauntlet | Found a transporter.
  9157 | Gauntlet | Noticed a green ugly thing
  9169 | Gauntlet | Found a transporter.
  9181 | Gauntlet | Found a transporter.
  9181 | Gauntlet | Noticed a ghost crab
  9184 | Gauntlet | Noticed a fire crab
  9196 | Gauntlet | Found a transporter.
  9198 | Gauntlet | Noticed a hell hog
  9205 | Gauntlet | Found a transporter.
  9206 | Gauntlet | Found the necklace of Bloodlust {Fury *Rage Will++ Int-3
                  | Slay+6}
  9222 | Gauntlet | Found a transporter.
  9240 | Gauntlet | Found a transporter.
  9242 | Gauntlet | Found a transporter.
  9242 | Gauntlet | Noticed a worldbinder
  9267 | Gauntlet | Found a transporter.
  9269 | Gauntlet | Found a transporter.
  9289 | Gauntlet | Found a transporter.
  9291 | Gauntlet | Found a transporter.
  9321 | Gauntlet | Found a transporter.
  9372 | Gauntlet | Noticed a shining eye
  9372 | Gauntlet | Noticed a skeletal warrior
  9372 | Gauntlet | Noticed a skeletal warrior
  9382 | Gauntlet | Noticed a skeletal warrior
  9383 | Gauntlet | Killed a worldbinder
  9567 | Gauntlet | Identified the +1 barding of Words of Power {rElec Regen+
                  | Str+3 Dex+2}
  9578 | Gauntlet | Killed from afar by a hell hog

Illustrated notes

Levels and vault maps discovered:
D:1:      heliophobic_arrival_battle_scene, layout_basic,
          shapermc_ecumenical_altar_mp_ritualfount, serial_bayou_lagoon_a,
          chequers_serial_rivers_room_a, minmay_crystal_water,
          minmay_pentomino_q4
D:2:      kennysheep_six_static_rooms, layout_loops_ring, grunt_ministairs_6,
          kennysheep_cluttered_room, uniq_terence, uniq_sigmund
D:3:      layout_basic, chequers_temple_overflow_statue_of_worship,
          mainiacjoe_overflow_cross_hatched, dk_noncrumbling_2
D:4:      layout_cave_pools, serial_shops, shop, serial_park,
          serial_park_tiny_1, serial_park_tiny_2, serial_park_tiny_2,
          serial_park_avenue1
D:5:      layout_loops_ring, minmay_temple_entry_trees, uniq_edmund,
          uniq_eustachio
D:6:      layout_basic, lemuel_mausoleum_altar_kikubaaqudgha, st_stairs_1,
          minmay_hedge_maze, roderic_batcave, skrybe_limestone_x, uniq_maggie,
          uniq_grinder
D:7:      layout_rooms, minitemple
D:8:      layout_loops_corners, lair_entry_dummy, nicolae_underground_beach
D:9:      layout_rooms, serial_shops, shop, ebering_dispersal_statue_hall,
          chequers_serial_rivers_small_3, nrook_uturn, hangedman_decor_growths,
          amcnicky_mini_corridor_feature, uniq_pikel
D:10:     layout_roguey, david_orc_3,
          ploomutoo_gammafunk_ghost_potion_laboratory, uniq_snorg
D:11:     layout_rooms, serial_shops, nicolae_shop_statue_plus,
          gauntlet_entry_generic
Temple:   nicolae_temple_two_arcs
Gauntlet: gammafunk_gauntlet_one_two_three [gammafunk_gauntlet_arena_crates,
          gammafunk_gauntlet_arena_teeth, gammafunk_gauntlet_arena_chambers,
          gammafunk_gauntlet_arena_grid, gammafunk_gauntlet_arena_spirals,
          nicolae_gauntlet_arena_grate_2, nicolae_gauntlet_arena_blocks,
          gammafunk_gauntlet_arena_arrow_garden, nicolae_gauntlet_arena_t_cross,
          nicolae_gauntlet_exit_dead_adventurers]

Skill      XL: |  1  2  3  4  5  6  7  8  9 10 11 |
---------------+----------------------------------+-----
Fighting       | 1 3 4 5 6 9 10 11 | 11.3
Summonings     | 2 3 4 |  4.0
Translocations | 2 3 |  3.0
Spellcasting   | 4 5 6 7 8 |  8.7
Hexes          | 1 3 5 6 |  6.0
Necromancy     | 5 7 |  7.9
Dodging        | |  1.5
Stealth        | |  3.0
Conjurations   | |  1.0

Action                     |  1- 3 |  4- 6 |  7- 9 | 10-12 || total
---------------------------+-------+-------+-------+-------++-------
  Melee: Dagger            |    10 |       |       |       ||    10
         Spear             |    32 |       |       |       ||    32
         Punch             |     1 |       |       |       ||     1
         Halberd           |       |    66 |   204 |   247 ||   517
   Cast: Magic Dart        |    26 |     4 |     6 |    11 ||    47
         Call Imp          |    11 |     7 |    30 |    29 ||    77
         Blink             |       |       |     1 |     1 ||     2
         Tukima's Dance    |       |       |     6 |    14 ||    20
         Slow              |       |       |       |    11 ||    11
         Dispel Undead     |       |       |       |     3 ||     3
 Invoke: Ancestor Life: He |       |       |       |     1 ||     1
Ability: Spit Poison       |    22 |     9 |    33 |    28 ||    92
  Evoke: Wand              |       |       |       |     5 ||     5
    Use: Scroll            |     4 |     7 |     8 |    16 ||    35
         Potion            |       |       |     1 |     3 ||     4
   Stab: Sleeping          |       |     4 |     4 |     2 ||    10
         Distracted        |       |       |     2 |     4 ||     6
 Armour: Robe              |     8 |    15 |     4 |       ||    27
         Ring mail         |       |       |    57 |   124 ||   181
         Steam dragon scal |       |       |     1 |    37 ||    38
  Dodge: Dodged            |    29 |    38 |   170 |   290 ||   527

Table legend: (Time is in decaauts)
 A = Elapsed time spent in this place.
 B = Non-inter-level travel time spent in this place.
 C = Inter-level travel time spent in this place.
 D = Time resting spent in this place.
 E = Time spent auto-exploring this place.
 F = Levels seen in this place.
 G = Mean time per level.
                   A        B        C        D        E       F      G
               +--------+--------+--------+--------+--------+-----+--------+
         Total |  12499 |  11961 |    538 |    442 |   8898 |  13 |  961.5 |
       Dungeon |  11772 |  11234 |    538 |    342 |   8587 |  11 | 1070.2 |
        Temple |    103 |    103 |      0 |      0 |     61 |   1 |  103.0 |
      Gauntlet |    623 |    623 |      0 |    100 |    249 |   1 |  623.0 |
               +--------+--------+--------+--------+--------+-----+--------+

Top non-repeatable levels by time:
     D:3: 1485 daAuts
     D:8: 1457 daAuts
     D:6: 1428 daAuts
     D:2: 1416 daAuts
     D:1: 1206 daAuts
    D:10: 1159 daAuts
     D:5: 1120 daAuts
     D:9: 975 daAuts
     D:4: 736 daAuts
     D:7: 681 daAuts
Gauntlet: 623 daAuts
    D:11: 105 daAuts
  Temple: 103 daAuts
